cohdb
Replays
Latest Replays
All Replays
Popular Replays
Top Player Replays
Match Explorer
How It Works
Community
CoH3 Stats
Reddit
Sign in to upload your games and track your stats! →
Sign in with Steam
Match 46801348
Unlisted
Match 46801348
Overview
Messages
Build Orders
End
Panzerpioneer Squad
Selects Italian Combined Arms Battlegroup
Selects Bersaglieri Squad
Bersaglieri Squad
Bersaglieri Squad
Construct Light Support Kompanie
Selects Bersaglieri Bolster
Bersaglieri Squad
Fire Support Elements
Flakvierling Half-track
2.5-tonne Medical Truck
Selects Breda Model 30 Light Machine Guns
Veteran Squad Leaders
Construct Panzerarmee Kommand
Walking Stuka Rocket Launcher
Emergency Repair Kits
Tungsten Core Ammunition
Vehicle Survival Package
Walking Stuka Rocket Launcher
Selects Semovente da 75/18 Assault Gun
Selects Strafing Run
Selects Artillery Cover
Rapid Advance
Strafing Run
Artillery Cover
Panzer III L Medium Tank
Panzer III L Medium Tank
Qhunter
RNG_Makes_Me_Mad
哎呀妈呀
Boneless
Arwootarch
BazookaJoe
0
0
Comments
sign in to comment!
No comments posted yet!